 Dungeon Crawl Stone Soup version 0.16-a0-2059-gf848859 (webtiles) character file.

42 thegroundistoosoft the Insei (level 3, 0/29 HPs)
             Began as a Mummy Monk on Nov 11, 2014.
             Slain by a kobold
             ... wielding a +0 short sword
              (4 damage)
             ... on level 2 of the Dungeon.
             The game lasted 00:04:08 (1811 turns).

thegroundistoosoft the Insei (Mummy Monk)           Turns: 1811, Time: 00:04:08

Health: 0/29       AC:  1    Str: 14    XL:     3   Next: 35%
Magic:  3/3        EV: 13    Int:  9    God:
Gold:   74         SH:  0    Dex: 15    Spells: 0 memorised, 2 levels left

rFire  x . .     SeeInvis .       - Unarmed
rCold  + . .     Clarity  .     (no armour)
rNeg   + + +     SustAb   .     (no shield)
rPois  +         Gourm    .     (no helmet)
rElec  .         Spirit   .     (no cloak)
rCorr  .         Warding  .     i - +0 pair of gloves
rMut   .         Stasis   .     (no boots)
MR     .....                    (no amulet)
Stlth  +++.......               (no ring)
                                j - ring of stealth

@: not resistant to hostile enchantments, fairly stealthy
A: no food or potions, fire vulnerability, restore body, cold resistance 1,
negative energy resistance 3, poison resistance, torment resistance, unbreathing
a: no special abilities


You were on level 2 of the Dungeon.
You were not hungry.

You visited 1 branch of the dungeon, and saw 2 of its levels.

You collected 74 gold pieces.


Innate Abilities, Weirdness & Mutations

You do not eat or drink.
Your flesh is vulnerable to fire.
Your flesh is cold resistant.
You are immune to negative energy.
Your system is resistant to poisons.
You are immune to unholy pain and torment.
You can survive without breathing.


   Skills:
 - Level 3.0 Fighting
 - Level 2.4 Dodging
 - Level 1.5 Stealth
 + Level 4.3 Unarmed Combat


You had 2 spell levels left.
You didn't know any spells.

Inventory:

Armour
 i - a +0 pair of gloves (worn)
Jewellery
 j - a ring of stealth (left hand)
Scrolls
 a - a scroll of teleportation {unknown}
 b - a scroll of magic mapping {unknown}
 c - 3 scrolls of fear {unknown}
 d - a scroll of amnesia {unknown}
 e - a scroll of fog {unknown}
 f - 2 scrolls of identify {unknown}
 g - a scroll of remove curse {unknown}
 h - a scroll of enchant weapon {unknown}

Dungeon Overview and Level Annotations

Branches:
Dungeon (2/15)

Altars:
Nemelex Xobeh

###### #....# #....# #....# ..#
##....####### #.#
####.....')..... #.#
########........#####.# #.#
#....#.'........# #.# #w#
###.#.##@#........# #.. #.#
#<#รท#.##K#.....)..# ### #.#
#.#w#....#........# #<# . #.#
#.#.######....##### #..
..###(###.#......#)...# ###
....(.............>.#.# #
#..##%....###..#....#'#########
# K.. ####.##
#..#............... ... #.#
#..................


You could see a kobold.


Message History

The adder is severely wounded.
The adder bites you.
You closely miss the adder.
The adder is severely wounded.
The adder completely misses you.
You barely miss the adder.
The adder is severely wounded.
The adder bites you. The adder closely misses you.
You hit the adder.
The adder is almost dead.
The adder misses you.
You barely miss the adder.
The adder is almost dead.
The adder bites you.
You barely miss the adder.
The adder is almost dead.
The adder bites you.
* * * LOW HITPOINT WARNING * * *
You barely miss the adder.
The adder is almost dead.
The adder bites you.
* * * LOW HITPOINT WARNING * * *
You hit the adder.
You kill the adder!
The kobold closely misses you.
You see here a jackal skeleton.
You closely miss the kobold. The kobold hits you with a short sword.
* * * LOW HITPOINT WARNING * * *
You open the door. The kobold hits you with a short sword.
You die...

Action                   || total
-------------------------++-------
Melee: Unarmed           ||   107
 Stab: Sleeping          ||     1

Vault maps used:
D:1:      minmay_arrival_stair_chambers, nemelex_diamond_rough_becter
D:2:      cheibriados_altar_1, overflow_temple_1_default, dk_xom_monty_hall

Notes
Turn   | Place    | Note
--------------------------------------------------------------
     0 | D:1      | thegroundistoosoft, the Mummy Monk, began the quest for the Orb.
     0 | D:1      | Reached XP level 1. HP: 18/18 MP: 1/1
    32 | D:1      | Skillih: rip
    45 | D:1      | thegroundistoosoft: yes we
    45 | D:1      | thegroundistoosoft: well*
   169 | D:1      | thegroundistoosoft: hm
   169 | D:1      | thegroundistoosoft: brb
   450 | D:1      | Reached XP level 2. HP: 17/24 MP: 2/2
  1017 | D:1      | Found a sparkling altar of Nemelex Xobeh.
  1154 | D:2      | Reached skill level 4 in Unarmed Combat
  1173 | D:2      | HP: 2/24 [kobold/glowing dagger (19)]
  1526 | D:2      | Reached XP level 3. HP: 15/29 MP: 3/3
  1811 | D:2      | Slain by a kobold

Vanquished Creatures
  An adder (D:2)
  2 giant geckos (D:1)
  A ball python (D:1)
  3 hobgoblins (D:1)
  3 jackals (D:2)
  3 kobolds
  2 quokkas (D:2)
  A giant cockroach (D:2)
  4 giant newts
  4 goblins
  6 rats
30 creatures vanquished.
